 Dungeon Crawl Stone Soup version 0.26-a0-707-g31817bc (webtiles) character file.

Game seed: 6176636180936140602

213 Mopster the Chopper (level 5, -7/45 HPs)
             Began as a Minotaur Berserker on Oct 26, 2020.
             Was a Believer of Trog.
             Mangled by a gnoll
             ... wielding a +0 halberd
              (10 damage)
             ... on level 4 of the Dungeon.
             The game lasted 00:04:07 (2924 turns).

Mopster the Chopper (Minotaur Berserker)            Turns: 2924, Time: 00:04:08

Health: -7/45      AC:  2    Str: 22    XL:     5   Next: 59%
Magic:  4/4        EV: 12    Int:  4    God:    Trog [**....]
Gold:   106        SH:  0    Dex: 10    Spells: 4/4 levels left

rFire    . . .     SeeInvis .   q - +0 battleaxe
rCold    . . .     Faith    .   (shield currently unavailable)
rNeg     . . .     Spirit   .   b - +0 animal skin
rPois    .         Reflect  .   (helmet restricted)
rElec    .         Harm     .   (no cloak)
rCorr    .         Rampage  .   (no gloves)
MR       .....                  (no boots)
Stlth    +.........             (no amulet)
HPRegen  0.15/turn              (no ring)
MPRegen  0.09/turn              (no ring)

@: berserk cooldown, slowed, very slow
A: retaliatory headbutt, horns 2
a: Berserk, Trog's Hand, Renounce Religion


You were on level 4 of the Dungeon.
You worshipped Trog.
Trog was pleased with you.
You visited 1 branch of the dungeon, and saw 4 of its levels.

You collected 106 gold pieces.

Inventory:

Hand Weapons
 a - a +0 hand axe
 q - a +0 battleaxe (weapon)
Armour
 b - a +0 animal skin (worn)
 f - a +2 cloak
 k - a +0 leather armour of fire resistance
 p - a scarf of shadows
Wands
 o - a wand of acid (7)
Scrolls
 c - 7 scrolls of identify {unknown}
 d - a scroll of enchant weapon {unknown}
 e - a scroll of enchant armour {unknown}
 g - a scroll of remove curse {unknown}
 h - a scroll of fog {unknown}
 i - a scroll of blinking {unknown}
 l - a scroll of immolation {unknown}
Potions
 j - 3 potions of lignification {unknown}
 m - a potion of flight {unknown}
 n - a potion of ambrosia {unknown}


   Skills:
 - Level 3.6 Fighting
 + Level 7.7 Axes
 - Level 2.4 Armour
 - Level 2.1 Dodging


You had 4 spell levels left.
You didn't know any spells.
Your spell library was empty.

Dungeon Overview and Level Annotations

Branches:
Dungeon (4/15)
 Temple: D:4-7

Altars:
Hepliaklqana
Qazlal
Vehumet


Innate Abilities, Weirdness & Mutations

You reflexively headbutt those who attack you in melee.
You have a pair of horns on your head.


Message History

You headbutt the gnoll shaman. The gnoll shaman closely misses you.
You barely miss the gnoll shaman.
The gnoll shaman is severely wounded.
The gnoll shaman barely misses you. The gnoll closely misses you.
The gnoll shaman completely misses you.
You barely miss the gnoll shaman.
The gnoll shaman is severely wounded.
The gnoll misses you.
The gnoll shaman hits you with a +0 whip.
The gnoll barely misses you.
The gnoll shaman hits you with a +0 whip.
You closely miss the gnoll shaman.
The gnoll shaman is severely wounded.
The gnoll hits you from afar with a +0 halberd!
* * * LOW HITPOINT WARNING * * *
The gnoll shaman hits you but does no damage.
The gnoll shaman hits you with a +0 whip.
* * * LOW HITPOINT WARNING * * *
The gnoll hits you from afar with a +0 halberd!
You die...

####### ##########
....... #........#
....... #........#
....... #........#
......g###........######
.....g)@..........+.....
.......###........#####.
....... ..........'....>
#######.##........######
# #........# #
########## # # #### #...


You could see a gnoll shaman and a gnoll.

Vanquished Creatures
  Jessica (D:3)
  2 orc wizards (D:3)
  3 gnolls (D:4)
  4 adders
  An ooze (D:1)
  2 worms
  A dart slug (D:3)
  2 leopard geckos (D:4)
  6 orcs (D:3)
  2 bats
  4 giant cockroaches
  2 goblins
  5 hobgoblins
  3 jackals (D:2)
  A quokka (D:3)
  3 frilled lizards (D:1)
  11 kobolds
  4 rats
57 creatures vanquished.

Notes
Turn   | Place    | Note
-------+----------+-------------------------------------------
     0 | D:1      | Mopster the Minotaur Berserker began the quest for the Orb.
     0 | D:1      | Reached XP level 1. HP: 19/19 MP: 0/0
   108 | D:1      | Reached skill level 4 in Axes
   318 | D:1      | Reached XP level 2. HP: 26/26 MP: 1/1
  1015 | D:2      | Found a hazy altar of Hepliaklqana.
  1058 | D:2      | Reached skill level 5 in Axes
  1058 | D:2      | Reached XP level 3. HP: 31/31 MP: 2/2
  1746 | D:2      | Reached ** piety under Trog
  2047 | D:3      | Reached skill level 6 in Axes
  2047 | D:3      | Reached XP level 4. HP: 39/39 MP: 3/3
  2254 | D:3      | Found a radiant altar of Vehumet.
  2254 | D:3      | Noticed Jessica
  2264 | D:3      | Killed Jessica
  2366 | D:3      | Reached XP level 5. HP: 45/45 MP: 4/4
  2378 | D:3      | Found a faded altar of an unknown god.
  2415 | D:3      | Reached skill level 7 in Axes
  2582 | D:3      | Found a stormy altar of Qazlal.
  2924 | D:4      | Mangled by a gnoll

Illustrated notes

Levels and vault maps discovered:
D:1:      scummos_arrival_checkerplants, layout_basic
D:2:      layout_basic, lemuel_crystal_altar, minmay_close_crescents
D:3:      layout_rooms, vehumet_crystals, chequers_ecumenical_altar_island,
          nicolae_qazlal_general_emergency, uniq_jessica
D:4:      layout_basic

Skill      XL: |  1  2  3  4  5 |
---------------+----------------+-----
Axes           | 4 5 6 7 |  7.7
Fighting       | |  3.6
Armour         | |  2.4
Dodging        | |  2.1

Action                   |  1- 3 |  4- 6 || total
-------------------------+-------+-------++-------
Melee: Hand axe          |    50 |    43 ||    93
       Headbutt          |     5 |    10 ||    15
       Battleaxe         |       |    18 ||    18
Invok: Berserk           |     3 |     3 ||     6
       Trog's Hand       |       |     1 ||     1
 Stab: Sleeping          |       |     1 ||     1
Armor: Animal skin       |     5 |     5 ||    10
Dodge: Dodged            |    37 |    39 ||    76

Table legend: (Time is in decaauts)
 A = Elapsed time spent in this place.
 B = Non-inter-level travel time spent in this place.
 C = Inter-level travel time spent in this place.
 D = Time resting spent in this place.
 E = Time spent auto-exploring this place.
 F = Levels seen in this place.
 G = Mean time per level.
                   A        B        C        D        E       F      G
               +--------+--------+--------+--------+--------+-----+--------+
         Total |   2980 |   2837 |    143 |    539 |   2014 |   4 |  745.0 |
       Dungeon |   2980 |   2837 |    143 |    539 |   2014 |   4 |  745.0 |
               +--------+--------+--------+--------+--------+-----+--------+

Top non-repeatable levels by time:
     D:2: 1089 daAuts
     D:1: 974 daAuts
     D:3: 750 daAuts
     D:4: 165 daAuts
